 Dungeon Crawl Stone Soup version 0.28.0-43-g3370ac3207 (webtiles) character file.

Game seed: 3362496526771211752

161 jimonade the Ruffian (level 5, -1/47 HPs)
             Began as a Gnoll Wanderer on Mar 17, 2022.
             Slain by Blork the orc
             ... wielding a +5 hand axe of freezing
              (3 damage)
             ... on level 4 of the Dungeon.
             The game lasted 00:08:18 (2490 turns).

jimonade the Ruffian (Gnoll Wanderer)               Turns: 2490, Time: 00:08:19

Health: -1/47      AC:  9    Str: 16    XL:     5   Next: 42%
Magic:  0/7        EV:  7    Int: 10    God:
Gold:   183        SH:  0    Dex: 10    Spells: 6/6 levels left

rFire   . . .      SeeInvis .   a - +3 hand axe
rCold   . . .      Faith    .   (no shield)
rNeg    . . .      Spirit   +   B - +0 chain mail
rPois   .          Reflect  .   z - +0 helmet
rElec   .          Harm     .   (no cloak)
rCorr   .          Rampage  .   (no gloves)
Will    .....                   (no boots)
Stlth   ..........              f - amulet of guardian spirit
HPRegen 0.15/turn               p - ring of wizardry
MPRegen 0.10/turn               u - ring of wizardry

@: no status effects
A: fangs 1, strong nose, distributed training
a: no special abilities


You were on level 4 of the Dungeon.
You visited 1 branch of the dungeon, and saw 4 of its levels.

You collected 183 gold pieces.

Inventory:

Hand Weapons
 a - a +3 hand axe (weapon)
 g - a +2 short sword of holy wrath
 n - a +1 dagger of distortion
 q - a +2 vampiric dagger
Missiles
 e - 33 sling bullets
 o - 52 stones (quivered)
 r - 79 arrows
 v - 3 boomerangs
 A - 2 throwing nets
Armour
 c - a +0 leather armour
 l - a +0 ring mail
 z - a +0 helmet (worn)
 B - a +0 chain mail (worn)
Magical Staves
 j - a staff of death
 s - a staff of fire
Jewellery
 f - an amulet of guardian spirit (around neck)
 p - a ring of wizardry (left hand)
 u - a ring of wizardry (right hand)
Wands
 y - a wand of flame (12)
 C - a wand of charming (7)
Scrolls
 h - a scroll of identify {unknown}
 i - 4 scrolls of fog {unknown}
 k - 2 scrolls of teleportation {unknown}
 m - 2 scrolls of blinking {unknown}
 t - a scroll of magic mapping {unknown}
 D - a scroll of enchant armour {unknown}
Potions
 b - a potion of curing
 d - a potion of flight {unknown}
 w - a potion of degeneration {unknown}


   Skills:
 + Level 6.7 Fighting
 + Level 1.4 Short Blades
 + Level 1.4 Long Blades
 + Level 6.7 Axes
 + Level 1.4 Maces & Flails
 + Level 1.4 Polearms
 + Level 1.4 Staves
 + Level 1.4 Slings
 + Level 1.4 Bows
 + Level 1.4 Crossbows
 + Level 1.4 Throwing
 + Level 1.4 Armour
 + Level 1.4 Dodging
 + Level 2.7 Stealth
 + Level 1.4 Shields
 + Level 6.7 Unarmed Combat
 + Level 1.4 Spellcasting
 + Level 1.1 Conjurations
 + Level 1.1 Hexes
 + Level 1.1 Summonings
 + Level 1.1 Necromancy
 + Level 1.1 Translocations
 + Level 1.1 Transmutations
 + Level 1.1 Fire Magic
 + Level 1.1 Ice Magic
 + Level 1.1 Air Magic
 + Level 1.1 Earth Magic
 + Level 1.1 Poison Magic
 + Level 1.6 Invocations
 + Level 1.4 Evocations


You had 6 spell levels left.
You didn't know any spells.
Your spell library contained the following spells:

 Spells                   Type           Power      Damage    Failure   Level
 Animate Armour           Summ/Erth      6%         N/A       100%        4
 Blade Hands              Tmut           1%         N/A       100%        5
 Iron Shot                Conj/Erth      1%         9d1       100%        6


Dungeon Overview and Level Annotations

Branches:
Dungeon (4/15)
 Temple: D:4-7

Altars:

Shops:
D:2 *

Annotations:
D:4 Blork the orc


Innate Abilities, Weirdness & Mutations

You have very sharp teeth.
Your uncanny sense of smell can sniff out nearby items.
Your experience applies equally to all skills.


Message History

The poisoned dart barely misses Blork the orc.
You hear a sizzling splash.
Blork the orc closely misses you.
Blork the orc hits you with a +5 hand axe of freezing!
Blork the orc freezes you.
You throw a poisoned dart. The poisoned dart hits Blork the orc.
Blork the orc is poisoned.
Blork the orc points at you and mumbles some strange words.
The puff of frost hits you but does no damage.
Blork the orc hits you with a +5 hand axe of freezing.
Blork the orc freezes you.
You throw a poisoned dart. The poisoned dart hits Blork the orc.
Blork the orc is lightly wounded.
Blork the orc barely misses you.
You throw a poisoned dart. The poisoned dart hits Blork the orc.
Blork the orc looks even sicker.
Blork the orc is lightly wounded.
Blork the orc hits you with a +5 hand axe of freezing.
Blork the orc freezes you.
Blork the orc looks encouraged for a moment.
You throw a poisoned dart. The poisoned dart hits Blork the orc.
Blork the orc looks even sicker.
Blork the orc is lightly wounded.
Blork the orc hits you but does no damage.
You throw a stone.
The stone hits Blork the orc but does no damage.
Blork the orc is lightly wounded.
Blork the orc hits you with a +5 hand axe of freezing.
Blork the orc freezes you.
Blork the orc hits you with a +5 hand axe of freezing.
Blork the orc freezes you.
Blork the orc hits you with a +5 hand axe of freezing!
* * * LOW HITPOINT WARNING * * *
Blork the orc freezes you.
* * * LOW HITPOINT WARNING * * *
Blork the orc grins evilly.
Blork the orc hits you with a +5 hand axe of freezing.
* * * LOW HITPOINT WARNING * * *
Blork the orc freezes you.
You die...

.# #.##.(§≈≈§≈≈≈≈.§. ##.#.. .#
#..##..§§§..§§..# #.... .#
#...##.(.....§.# #.... .#
#....##≈§§...≈# #.... .#
#.....###'''# #.#..
.#####......##...# #.#..
.'....†.....##(###### #####....
.########.####.o....#####......).
.# #.# ###@...+............ ##
#.######....####.........
#........#...............
#############....#.######........
.....#....###.#.##.# #........
.###.#.##.....#....# #########
.#.#....############ # .#.#....#
. .#......#### .


You could see Blork the orc (fast, very poisoned).

Vanquished Creatures
  A bullfrog skeleton (D:3)
  Robin (D:3)
  2 adders
  A worm (D:3)
  3 dart slugs
  2 orcs (D:3)
  10 ball pythons
  10 bats
  2 endoplasms
  5 giant cockroaches
  5 hobgoblins
  4 jackals (D:1)
  5 quokkas
  3 frilled lizards
  17 goblins
  8 kobolds
  7 rats
86 creatures vanquished.

Notes
Turn   | Place    | Note
-------+----------+-------------------------------------------
     0 | D:1      | jimonade the Gnoll Wanderer began the quest for the Orb.
     0 | D:1      | jimonade set off with the following items: a +3 hand axe, a
                  | potion of curing, a +0 leather armour
     0 | D:1      | Reached XP level 1. HP: 23/23 MP: 1/1
   157 | D:1      | Reached XP level 2. HP: 27/29 MP: 2/2
   290 | D:1      | Reached XP level 3. HP: 27/35 MP: 3/3
   611 | D:1      | Found a faded altar of an unknown god.
   709 | D:2      | Reached skill level 1 in Invocations
  1427 | D:2      | Found Rimatupi's General Store.
  1550 | D:3      | Reached skill level 1 in Short Blades
  1550 | D:3      | Reached skill level 1 in Long Blades
  1550 | D:3      | Reached skill level 1 in Maces & Flails
  1550 | D:3      | Reached skill level 1 in Polearms
  1550 | D:3      | Reached skill level 1 in Staves
  1550 | D:3      | Reached skill level 1 in Slings
  1550 | D:3      | Reached skill level 1 in Bows
  1550 | D:3      | Reached skill level 1 in Crossbows
  1550 | D:3      | Reached skill level 1 in Throwing
  1550 | D:3      | Reached skill level 1 in Armour
  1550 | D:3      | Reached skill level 1 in Dodging
  1550 | D:3      | Reached skill level 1 in Shields
  1550 | D:3      | Reached skill level 1 in Spellcasting
  1550 | D:3      | Reached skill level 1 in Evocations
  1561 | D:3      | Reached XP level 4. HP: 37/41 MP: 3/5
  1632 | D:3      | Reached skill level 1 in Conjurations
  1632 | D:3      | Reached skill level 1 in Hexes
  1632 | D:3      | Reached skill level 1 in Summonings
  1632 | D:3      | Reached skill level 1 in Necromancy
  1632 | D:3      | Reached skill level 1 in Translocations
  1632 | D:3      | Reached skill level 1 in Transmutations
  1632 | D:3      | Reached skill level 1 in Fire Magic
  1632 | D:3      | Reached skill level 1 in Ice Magic
  1632 | D:3      | Reached skill level 1 in Air Magic
  1632 | D:3      | Reached skill level 1 in Earth Magic
  1632 | D:3      | Reached skill level 1 in Poison Magic
  2014 | D:3      | Reached XP level 5. HP: 46/47 MP: 6/6
  2122 | D:4      | Noticed Robin
  2134 | D:3      | Killed Robin
  2473 | D:4      | Noticed Blork the orc
  2490 | D:4      | HP: 2/47 [Blork the orc/+5 hand axe of freezing (5)]
  2490 | D:4      | Slain by Blork the orc

Illustrated notes

Levels and vault maps discovered:
D:1:      minmay_arrival_split_and_join, layout_rooms, basic_ecumenical_altar
D:2:      layout_basic, serial_shops, nicolae_shop_behind_doors
D:3:      minmay_diamond_boxcup, layout_rooms, kennysheep_generic_room_16
D:4:      layout_basic, kennysheep_donut, uniq_robin, uniq_blork_the_orc

Skill      XL: |  1  2  3  4 |
---------------+-------------+-----
Invocations    | 1 |  1.6
Short Blades   | 1 |  1.4
Long Blades    | 1 |  1.4
Maces & Flails | 1 |  1.4
Polearms       | 1 |  1.4
Staves         | 1 |  1.4
Slings         | 1 |  1.4
Bows           | 1 |  1.4
Crossbows      | 1 |  1.4
Throwing       | 1 |  1.4
Armour         | 1 |  1.4
Dodging        | 1 |  1.4
Shields        | 1 |  1.4
Spellcasting   | 1 |  1.4
Evocations     | 1 |  1.4
Conjurations   | 1 |  1.1
Hexes          | 1 |  1.1
Summonings     | 1 |  1.1
Necromancy     | 1 |  1.1
Translocations | 1 |  1.1
Transmutations | 1 |  1.1
Fire Magic     | 1 |  1.1
Ice Magic      | 1 |  1.1
Air Magic      | 1 |  1.1
Earth Magic    | 1 |  1.1
Poison Magic   | 1 |  1.1
Fighting       | |  6.7
Axes           | |  6.7
Stealth        | |  2.7
Unarmed Combat | |  6.7

Action                   |  1- 3 |  4- 6 || total
-------------------------+-------+-------++-------
Melee: Hand axe          |    88 |    93 ||   181
       Bite              |     5 |     8 ||    13
       Punch             |       |     1 ||     1
Throw: Dart              |       |    10 ||    10
       Stone             |       |     1 ||     1
 Stab: Sleeping          |     4 |     2 ||     6
Armor: Leather armour    |    13 |       ||    13
       Ring mail         |     8 |    33 ||    41
       Chain mail        |       |     8 ||     8
Dodge: Dodged            |    50 |    59 ||   109
